 Dungeon Crawl Stone Soup version 0.28-a0-991-g956f0ee3d5 (webtiles) character file.

Game seed: 10538388309884026235

263 horus123 the Grave Robber (level 5, -12/28 HPs)
             Began as a Deep Elf Necromancer on Dec 4, 2021.
             Mangled by an ogre (18 damage)
             ... on level 4 of the Dungeon on Dec 5, 2021.
             The game lasted 00:07:12 (4079 turns).

horus123 the Grave Robber (Deep Elf Necromancer)    Turns: 4079, Time: 00:07:13

Health: -12/28     AC:  6    Str:  5    XL:     5   Next: 97%
Magic:  13/14      EV: 12    Int: 22    God:
Gold:   204        SH:  0    Dex: 15    Spells: 0/14 levels left

rFire   . . .      SeeInvis .   d - +6 quarterstaff (chaos)
rCold   . . .      Faith    .   (shield currently unavailable)
rNeg    . . .      Spirit   .   a - +0 robe
rPois   .          Reflect  .   (no helmet)
rElec   .          Harm     .   k - scarf {repulsion}
rCorr   .          Rampage  .   (no gloves)
Will    .....                   (no boots)
Stlth   ++........              (no amulet)
HPRegen 0.09/turn               f - +4 ring of protection
MPRegen 0.14/turn               (no ring)

@: repel missiles
A: no striking features
a: no special abilities


You were on level 4 of the Dungeon.
You visited 1 branch of the dungeon, and saw 4 of its levels.

You collected 204 gold pieces.

Inventory:

Hand Weapons
 d - a +6 quarterstaff of chaos (weapon)
Armour
 a - a +0 robe (worn)
 e - a +0 cloak
 k - a scarf of repulsion (worn)
Magical Staves
 h - a staff of conjuration
Jewellery
 f - a +4 ring of protection (left hand)
Scrolls
 c - 2 scrolls of vulnerability
 l - a scroll of noise
Potions
 g - 2 potions of might {unknown}
 i - 3 potions of heal wounds {unknown}
 j - a potion of berserk rage {unknown}
 m - a potion of magic {unknown}
 n - a potion of brilliance {unknown}


   Skills:
 + Level 2.7 Staves
 - Level 2.4 Dodging
 - Level 2.4 Stealth
 - Level 5.0 Spellcasting
 - Level 7.0 Necromancy


You couldn't memorise any spells.
You knew the following spells:

 Your Spells              Type           Power      Damage    Failure   Level
a - Pain                  Necr           100%       1d9       1%          1
b - Animate Skeleton      Necr           72%        N/A       1%          1
c - Vampiric Draining     Necr           36%        2d8       1%          3
d - Animate Dead          Necr           18%        N/A       5%          4
e - Agony                 Necr           36%        N/A       16%         5

Your spell library contained the following spells:

 Spells                   Type           Power      Damage    Failure   Level


Dungeon Overview and Level Annotations

Branches:
Dungeon (4/15)
 Temple: D:4-7

Altars:
Xom

Shops:
D:3 (


Message History

Aiming: Pain (safe; 1% risk of failure)
Press: ? - help, Q - select action, (/) - cycle Shift-Dir - straight line Nothing appears to happen.
Something hits you but does no damage. Something kicks you. Something hits you.
* * * LOW HITPOINT WARNING * * *
Something kicks you but does no damage.
Things that are here:
a +0 whip; a +0 dagger You thump something!
Something hits you but does no damage. Something kicks you.
* * * LOW HITPOINT WARNING * * *
You feel better. The ogre barely misses you.
Something hits you but does no damage. Something kicks you.
There is an open door here.
Items here: ))) †.
There is an open door here.
Something barely misses you. Something kicks you but does no damage.
Something hits you. Something kicks you but does no damage. Something hits you.
Something kicks you.
* * * LOW HITPOINT WARNING * * *
You feel better. Something hits you. Something kicks you but does no damage.
Something hits you. Something kicks you but does no damage.
You feel better. Something hits you but does no damage.
Something kicks you but does no damage.
You thump something!
Reactivating autopickup.
You feel a bit more experienced.
You completely miss the ogre.
The ogre hits you with a +0 giant spiked club!
Ouch! That really hurt!
* * * LOW HITPOINT WARNING * * *
You hit the ogre.
The ogre is poisoned.
The ogre is moderately wounded.
The ogre barely misses you.
You sock the ogre!
The ogre seems to grow stronger.
The ogre is heavily wounded.
The ogre hits you with a +0 giant spiked club!!
Ouch! That really hurt!
You die...

# ..# ####.#..##
.# # ...
..........# # ..P.
.#######..# .##+
#[..).)..######.
.#
#....)#.........
#.....#..#######
#+# ####)###.#
+....#+##..#...#.#
#......@O..'...#.#
#.###+####.#####.#
#...# ..# #...+
... ##.####
#..#..# +..†.)#
####..#)###
#.##+##.....#...#


You could see an ogre (strong, very poisoned).

Vanquished Creatures
  A hound (D:4)
  A jelly (D:3)
  Crazy Yiuf (D:2)
  A centaur skeleton (D:4)
  Natasha (twice) (D:2)
  A gnoll (D:4)
  A worm (D:4)
  2 dart slugs
  7 orcs
  5 endoplasms
  3 giant cockroaches
  12 goblins
  4 hobgoblins
  5 jackals
  5 quokkas
  3 ball pythons
  7 bats
  A frilled lizard (D:3)
  6 kobolds
  10 rats
78 creatures vanquished.

Vanquished Creatures (others)
  2 fungi (D:2)
  5 plants (D:4)
7 creatures vanquished.

Grand Total: 85 creatures vanquished

Notes
Turn   | Place    | Note
-------+----------+-------------------------------------------
     0 | D:1      | horus123 the Deep Elf Necromancer began the quest for the
                  | Orb.
     0 | D:1      | Reached XP level 1. HP: 10/10 MP: 6/6
   411 | D:1      | Reached XP level 2. HP: 14/15 MP: 7/9
   577 | D:1      | You fall into a shaft and drop 1 floor!
   577 | D:2      | Noticed Crazy Yiuf
   577 | D:2      | Found a runed translucent door.
   583 | D:2      | Killed Crazy Yiuf
   584 | D:2      | Reached skill level 5 in Necromancy
   584 | D:2      | Reached XP level 3. HP: 5/19 MP: 3/10
   836 | D:2      | Learned a level 1 spell: Animate Skeleton
   840 | D:2      | Learned a level 3 spell: Vampiric Draining
  1269 | D:1      | Reached skill level 6 in Necromancy
  1856 | D:2      | Noticed Natasha
  1861 | D:2      | Killed Natasha
  1862 | D:2      | Reached XP level 4. HP: 10/24 MP: 9/12
  2086 | D:2      | Noticed Natasha
  2093 | D:2      | Killed Natasha
  2365 | D:2      | Reached skill level 7 in Necromancy
  2629 | D:3      | Found a shimmering altar of Xom.
  2722 | D:3      | Found a faded altar of an unknown god.
  2824 | D:3      | Found Hedyteim's Weapon Boutique.
  3155 | D:3      | Reached XP level 5. HP: 25/28 MP: 10/14
  3303 | D:3      | Reached skill level 5 in Spellcasting
  3612 | D:4      | Learned a level 4 spell: Animate Dead
  3618 | D:4      | Learned a level 5 spell: Agony
  3915 | D:4      | Reached skill level 1 in Staves
  4050 | D:4      | Noticed an ogre
  4079 | D:4      | Mangled by an ogre

Illustrated notes

Levels and vault maps discovered:
D:1:      dpeg_arrival_subterranean_lakeside_camping, layout_basic,
          grunt_decor_one_mirror
D:2:      layout_basic, uniq_natasha, uniq_crazy_yiuf_cottage
D:3:      layout_loops_cross, mainiacjoe_overflow_cross_hatched,
          chequers_ecumenical_altar_island, serial_shops,
          nicolae_shop_waterfront
D:4:      corexii_shantytown, layout_loops_corners, dk_vineyard_1,
          nicolae_wooded_promenade

Skill      XL: |  1  2  3  4  5 |
---------------+----------------+-----
Spellcasting   | 4 5 |  5.0
Necromancy     | 5 6 7 |  7.0
Staves         | 2 |  2.7
Dodging        | |  2.4
Stealth        | |  2.4

Action                   |  1- 3 |  4- 6 || total
-------------------------+-------+-------++-------
Melee: Quarterstaff      |     3 |    19 ||    22
 Cast: Pain              |    51 |    76 ||   127
  Use: Scroll            |     2 |     4 ||     6
       Potion            |       |     4 ||     4
 Stab: Sleeping          |       |     1 ||     1
Armor: Robe              |     5 |    31 ||    36
Dodge: Dodged            |    13 |    31 ||    44
       Repelled          |       |     1 ||     1

Table legend: (Time is in decaauts)
 A = Elapsed time spent in this place.
 B = Non-inter-level travel time spent in this place.
 C = Inter-level travel time spent in this place.
 D = Time resting spent in this place.
 E = Time spent auto-exploring this place.
 F = Levels seen in this place.
 G = Mean time per level.
                   A        B        C        D        E       F      G
               +--------+--------+--------+--------+--------+-----+--------+
         Total |   4099 |   4037 |     62 |    229 |   3338 |   4 | 1024.8 |
       Dungeon |   4099 |   4037 |     62 |    229 |   3338 |   4 | 1024.8 |
               +--------+--------+--------+--------+--------+-----+--------+

Top non-repeatable levels by time:
     D:2: 1399 daAuts
     D:1: 1158 daAuts
     D:3: 912 daAuts
     D:4: 629 daAuts
